 Dungeon Crawl Stone Soup version 0.27-a0-522-g46bbb28828 (webtiles) character file.

Game seed: 10840951710629125106

1070 HoaS the Grappler (level 7, -1/53 HPs)
             Began as a Demigod Gladiator on Mar 5, 2021.
             Slain by a two-headed ogre
             ... wielding a +0 giant club
              (12 damage)
             ... on level 6 of the Dungeon.
             The game lasted 00:11:36 (5374 turns).

HoaS the Grappler (Demigod Gladiator)               Turns: 5374, Time: 00:11:37

Health: -1/53      AC: 13    Str: 23    XL:     7   Next: 79%
Magic:  9/9        EV:  9    Int: 10    God:
Gold:   229        SH:  0    Dex: 15    Spells: 6/6 levels left

rFire    . . .     SeeInvis .     - Unarmed
rCold    . . .     Faith    .   (no shield)
rNeg     + . .     Spirit   .   f - +0 chain mail
rPois    .         Reflect  .   b - +2 helmet
rElec    .         Harm     .   (no cloak)
rCorr    .         Rampage  .   (no gloves)
Will     .....                  h - +1 pair of boots {Stlth+}
Stlth    ..........             (no amulet)
HPRegen  0.17/turn              m - ring of positive energy
MPRegen  0.11/turn              (no ring)

@: no status effects
A: high mp 1, forlorn
a: no special abilities


You were on level 6 of the Dungeon.
You visited 1 branch of the dungeon, and saw 6 of its levels.

You collected 229 gold pieces.

Inventory:

Missiles
 l - 5 boomerangs (quivered)
Armour
 b - a +2 helmet (worn)
 f - a +0 chain mail (worn)
 h - a +1 pair of boots of stealth (worn)
Jewellery
 m - a ring of positive energy (left hand)
 s - a ring of flight
Wands
 j - a wand of paralysis (4)
Scrolls
 g - 4 scrolls of teleportation
 o - a scroll of fog
Potions
 a - a potion of cancellation
 d - 2 potions of attraction
 e - a potion of lignification
 i - 2 potions of curing
 k - a potion of mutation
 p - a potion of resistance


   Skills:
 + Level 1.9 Fighting
 - Level 1.7 Throwing
 + Level 0.3 Armour
 + Level 2.8 Dodging
 * Level 9.0 Unarmed Combat


You had 6 spell levels left.
You didn't know any spells.
Your spell library was empty.

Dungeon Overview and Level Annotations

Branches:
Dungeon (6/15)             Temple (0/1) D:5

Shops:
D:6 *


Innate Abilities, Weirdness & Mutations

Your attributes grow dramatically as you level up.
You have an increased reservoir of magic. (+10% MP)
You shall have no god before yourself.


Message History

The two-headed ogre is lightly wounded.
Throw: 6 boomerangs
Press: ? - help, Shift-Dir - straight line, f/p - two-headed ogre
Aim: a two-headed ogre, wielding two +0 giant clubs (lightly wounded, 72% to hit)
You throw a boomerang. The boomerang hits the two-headed ogre.
The two-headed ogre is lightly wounded.
You throw a throwing net.
The throwing net barely misses the two-headed ogre.
The two-headed ogre closely misses you.
The two-headed ogre hits you with a +0 giant club!
Okay, then.
You hit the two-headed ogre but do no damage.
The two-headed ogre is lightly wounded.
You punch the two-headed ogre!
The two-headed ogre is moderately wounded.
The two-headed ogre hits you with a +0 giant club! x2
* * * LOW HITPOINT WARNING * * *
You hit the two-headed ogre but do no damage.
The two-headed ogre is moderately wounded.
The two-headed ogre closely misses you. The two-headed ogre misses you.
You feel much better.
You barely miss the two-headed ogre.
The two-headed ogre is moderately wounded.
The two-headed ogre barely misses you.
The two-headed ogre hits you with a +0 giant club!
Your chain mail prevents you from hitting the two-headed ogre.
The two-headed ogre is moderately wounded.
The two-headed ogre hits you but does no damage.
The two-headed ogre hits you with a +0 giant club!
You punch the two-headed ogre! Your punch misses the two-headed ogre.
The two-headed ogre is moderately wounded.
You hit the two-headed ogre.
The two-headed ogre is heavily wounded.
The two-headed ogre closely misses you.
The two-headed ogre hits you with a +0 giant club!
* * * LOW HITPOINT WARNING * * *
You closely miss the two-headed ogre.
The two-headed ogre is heavily wounded.
The two-headed ogre hits you with a +0 giant club!
You die...

.............≈.####
.######.####.#.....
###........#####.
##...<#######
##....## ##..#.##
#.....# .[....#.###
##..# #@#
##...O...#
#..(.##.... .8..##.
##### ... .. ... .∩
... ## # ..# ###


You could see a two-headed ogre.

Vanquished Creatures
  Duvessa (D:4)
  A sky beast (D:6)
  An ogre (D:4)
  A bullfrog (D:6)
  Dowan (D:4)
  A vampire bat (D:4)
  A hound (D:4)
  A bullfrog skeleton (D:5)
  Jessica (D:2)
  An iguana (D:3)
  Terence (D:2)
  5 worker ants
  Natasha (twice) (D:3)
  An orc wizard (D:4)
  A hound skeleton (D:4)
  9 adders
  An ufetubus (D:5)
  An adder skeleton (D:6)
  An adder zombie (D:5)
  7 dart slugs
  3 fire bats (D:4)
  5 leopard geckos
  11 orcs
  2 spectral bats (D:4)
  16 bats
  3 bat skeletons (D:4)
  A bat zombie (D:4)
  3 giant cockroaches
  6 goblins
  10 hobgoblins
  11 jackals
  4 quokkas
  7 ball pythons
  A bat simulacrum (D:4)
  4 frilled lizards
  A jackal zombie (D:5)
  5 kobolds
  A leopard gecko skeleton (D:5)
  A leopard gecko zombie (D:5)
  4 rats
138 creatures vanquished.

Notes
Turn   | Place    | Note
-------+----------+-------------------------------------------
     0 | D:1      | HoaS the Demigod Gladiator began the quest for the Orb.
     0 | D:1      | Reached XP level 1. HP: 17/17 MP: 3/3
   122 | D:1      | Reached skill level 3 in Unarmed Combat
   192 | D:1      | Reached XP level 2. HP: 17/24 MP: 4/4
   897 | D:2      | Reached skill level 4 in Unarmed Combat
   897 | D:2      | Reached XP level 3. HP: 28/29 MP: 5/5
   981 | D:2      | Noticed Terence
  1021 | D:2      | Killed Terence
  1450 | D:2      | Noticed Jessica
  1452 | D:2      | Reached XP level 4. HP: 36/36 MP: 6/6
  1461 | D:2      | Killed Jessica
  1539 | D:2      | Reached skill level 5 in Unarmed Combat
  2286 | D:3      | Reached XP level 5. HP: 41/41 MP: 7/7
  2423 | D:3      | Noticed Natasha
  2455 | D:3      | Killed Natasha
  2660 | D:3      | Reached skill level 6 in Unarmed Combat
  2663 | D:3      | Noticed Natasha
  2671 | D:3      | Killed Natasha
  3340 | D:4      | Noticed Dowan
  3340 | D:4      | Noticed Duvessa
  3359 | D:4      | Killed Duvessa
  3360 | D:4      | Reached XP level 6. HP: 39/48 MP: 8/8
  3362 | D:4      | Killed Dowan
  3363 | D:4      | Reached skill level 7 in Unarmed Combat
  3699 | D:4      | Reached XP level 7. HP: 53/53 MP: 9/9
  3947 | D:4      | Reached skill level 8 in Unarmed Combat
  4101 | D:5      | Entered Level 5 of the Dungeon
  4209 | D:5      | Found a staircase to the Ecumenical Temple.
  5337 | D:6      | Reached skill level 9 in Unarmed Combat
  5362 | D:6      | Found Lyipogomm's Assorted Antiques.
  5362 | D:6      | Noticed a two-headed ogre
  5374 | D:6      | Slain by a two-headed ogre

Illustrated notes

Levels and vault maps discovered:
D:1:      denvon_arrival_planthouse, layout_basic, nrook_loot_triangle
D:2:      layout_basic, fedhas_ov_isle_minmay, uniq_jessica, uniq_terence
D:3:      layout_loops_ring, minmay_crystal_water, uniq_natasha
D:4:      layout_rooms, goddamned_bats, uniq_duvessa
D:5:      layout_basic, minmay_temple_entry_stoned_glass, due_unseen_surprise
D:6:      layout_rooms, nzn_wu_jian_council_hall,
          chequers_temple_overflow_minitemple, serial_co_window_serial,
          co_window_paths_a, co_window_paths_a, co_window_corner_a,
          co_window_paths_a, co_window_corner_a, co_window_paths_a,
          co_window_corner_a, co_window_broadway_a, co_window_corner_cb,
          co_window_2corner, co_window_unsneaky_path_a, glass_columns_a,
          basic_altar, serial_shops, nicolae_shop_statue_plus, uniq_sigmund

Skill      XL: |  1  2  3  4  5  6  7 |
---------------+----------------------+-----
Unarmed Combat | 3 4 5 6 7 9 |  9.0
Fighting       | |  1.9
Throwing       | |  1.7
Armour         | |  0.3
Dodging        | |  2.8

Action                   |  1- 3 |  4- 6 |  7- 9 || total
-------------------------+-------+-------+-------++-------
Melee: Unarmed           |   174 |   265 |   126 ||   565
       Punch             |     1 |     3 |     5 ||     9
Throw: Throwing net      |     3 |     2 |     1 ||     6
       Boomerang         |       |     3 |     2 ||     5
  Use: Scroll            |     4 |    10 |     6 ||    20
       Potion            |       |     1 |     1 ||     2
Armor: Leather armour    |    13 |       |       ||    13
       Chain mail        |    56 |   112 |    95 ||   263
Dodge: Dodged            |    94 |    95 |    80 ||   269

Table legend: (Time is in decaauts)
 A = Elapsed time spent in this place.
 B = Non-inter-level travel time spent in this place.
 C = Inter-level travel time spent in this place.
 D = Time resting spent in this place.
 E = Time spent auto-exploring this place.
 F = Levels seen in this place.
 G = Mean time per level.
                   A        B        C        D        E       F      G
               +--------+--------+--------+--------+--------+-----+--------+
         Total |   5307 |   5104 |    203 |   1077 |   2895 |   6 |  884.5 |
       Dungeon |   5307 |   5104 |    203 |   1077 |   2895 |   6 |  884.5 |
               +--------+--------+--------+--------+--------+-----+--------+

Top non-repeatable levels by time:
     D:2: 1197 daAuts
     D:3: 1169 daAuts
     D:5: 1110 daAuts
     D:1: 875 daAuts
     D:4: 805 daAuts
     D:6: 148 daAuts
